 Dungeon Crawl Stone Soup version 0.22-a0-558-gc224181 (webtiles) character file.

148 iamserjio the Skirmisher (level 5, 0/47 HPs)
             Began as a Draconian Fighter on June 27, 2018.
             Slain by a bullfrog (2 damage)
             ... in a sewer.
             The game lasted 00:05:56 (770 turns).

iamserjio the Skirmisher (Draconian Fighter)         Turns: 770, Time: 00:05:56

Health: 0/47       AC:  5    Str: 18    XL:     5   Next: 8%
Magic:  5/5        EV: 10    Int: 10    God:
Gold:   60         SH:  8    Dex: 10    Spells: 3/4 levels left

rFire    . . .     SeeInvis .     - Unarmed
rCold    . . .     Gourm    .   a - +0 shield
rNeg     . . .     Faith    .   (armour unavailable)
rPois    .         Spirit   .   (helmet restricted)
rElec    .         Reflect  .   (no cloak)
rCorr    .         Harm     .   (no gloves)
MR       .....                  (no boots)
Stlth    +.........             (no amulet)
HPRegen  0.15/turn              (no ring)
MPRegen  0.09/turn              (no ring)

@: very slow
A: unfitting armour, cold-blooded, AC +5
a: no special abilities


You were in a sewer.
You were not hungry.

You visited 1 branch of the dungeon, and saw 3 of its levels.
You also visited: Sewer.

You collected 60 gold pieces.

Inventory:

Missiles
 i - 4 tomahawks (quivered)
Armour
 a - a +0 shield (worn)
Wands
 k - a wand of polymorph (3)
Scrolls
 d - a scroll of fear {unknown}
 e - 2 scrolls of magic mapping {unknown}
 f - a scroll of fog {unknown}
 g - 2 scrolls of identify {unknown}
 h - a scroll of enchant weapon {unknown}
 j - a scroll of noise {unknown}
 l - 2 scrolls of teleportation {unknown}
Potions
 b - a potion of magic
Comestibles
 c - 3 rations


   Skills:
 + Level 4.5 Fighting
 + Level 2.6 Dodging
 - Level 3.0 Shields
 * Level 4.5 Unarmed Combat


You had 3 spell levels left.
You knew the following spells:

 Your Spells              Type           Power        Failure   Level  Hunger
a - Confusing Touch       Hex            #.....       87%         1    ##.....

Your spell library contained the following spells:

 Spells                   Type           Power        Failure   Level  Hunger
 Confuse                  Hex            #.......     99%         3    ####...
 Metabolic Englaciation   Hex/Ice        #.........   100%        5    ######.
 Petrify                  Tmut/Erth      #.......     100%        4    #####..
 Gell's Gravitas          Tloc           #.........   99%         3    ####...
 Yara's Violent Unravell  Hex/Tmut       #.........   100%        5    ######.


Dungeon Overview and Level Annotations

Branches:
Dungeon (3/15)

Altars:


Innate Abilities, Weirdness & Mutations

Your plain brown scales are hard. (AC +5)
You cannot fit into any form of body armour.
You are cold-blooded and may be slowed by cold attacks.


Message History

* * * LOW HITPOINT WARNING * * *
You escape the ball python's grasp.
You block the ball python's attack. The ball python grabs you.
The ball python constricts you.
The bullfrog hits you but does no damage.
You block the ball python's attack.
You escape the ball python's grasp.
The bullfrog barely misses you. The bullfrog hits you.
* * * LOW HITPOINT WARNING * * *
You block the ball python's attack. x2; The ball python barely misses you.
The ball python grabs you. The ball python constricts you.
The bullfrog hits you!
* * * LOW HITPOINT WARNING * * *
The ball python's grasp on you weakens, but your attempt to escape fails.
You block the ball python's attack.
The ball python bites you but does no damage. x2
* * * LOW HITPOINT WARNING * * *
The ball python constricts you. The bullfrog barely misses you.
You block the ball python's attack.
You escape the ball python's grasp.
The bullfrog hits you.
You die...

####...####
####.........####
##...............##
#.......#.........#
##......##'##......##
#......###..##......#
##....## #..###....##
#≈≈≈≈≈≈# #####≈≈≈≈≈≈#
#≈≈≈≈≈≈# #≈≈@≈≈≈#
#≈≈≈≈≈≈# #≈SFS≈≈#
#≈≈≈≈≈≈# #≈≈S≈≈≈#
#≈≈††≈≈# #≈≈≈≈≈≈#
##†††.## #≈≈≈≈≈≈#
#.††[.≈# #≈≈≈#≈≈#
#≈....≈# #≈≈≈≈.≈#
#≈≈≈≈≈≈# #≈≈≈≈.≈#
#≈≈≈≈≈≈# #≈≈≈≈≈≈#


You could see a bullfrog and 3 ball pythons.

Vanquished Creatures
  7 river rats
  An adder (Sewer)
  An ooze (D:3)
  A leopard gecko (D:3)
  3 orcs (D:3)
  9 ball pythons (Sewer)
  5 giant cockroaches
  4 goblins (D:1)
  4 hobgoblins
  3 jackals (D:3)
  6 kobolds
  4 bats
  3 frilled lizards
  28 rats
79 creatures vanquished.

Notes
Turn   | Place    | Note
-------+----------+-------------------------------------------
     0 | D:1      | iamserjio the Draconian Fighter began the quest for the Orb.
     0 | D:1      | Reached XP level 1. HP: 19/19 MP: 1/1
    31 | D:1      | Reached XP level 2. HP: 9/26 MP: 2/2
   125 | D:1      | HP: 1/26 [bat (1)]
   281 | D:2      | Reached XP level 3. HP: 14/33 MP: 3/3
   374 | D:3      | Found a glowing drain.
   443 | Sewer    | Entered a sewer
   472 | Sewer    | Reached XP level 4. HP: 9/40 MP: 4/4
   619 | Sewer    | Learned a level 1 spell: Confusing Touch
   686 | Sewer    | Reached XP level 5. HP: 11/47 MP: 5/5
   769 | Sewer    | HP: 2/47 [ball python (1)]
   770 | Sewer    | Slain by a bullfrog

Vault maps used:
D:1:      scummos_arrival_simple_fountains
D:3:      portal_sewer_entry_a, uniq_terence
Sewer:    sewer_minmay_w

Skill      XL: |  1  2  3  4 |
---------------+-------------+-----
Unarmed Combat | 3 4 |  4.5
Fighting       | 4 |  4.5
Dodging        | |  2.6
Shields        | |  3.0

Action                   |  1- 3 |  4- 6 || total
-------------------------+-------+-------++-------
Melee: Unarmed           |   157 |    79 ||   236
       Tailslap          |    19 |     7 ||    26
Throw: Tomahawk          |       |     5 ||     5
  Use: Potion            |       |     7 ||     7
Armor: Skin              |    49 |    53 ||   102
Dodge: Dodged            |    70 |    47 ||   117
Block: Shield            |    69 |    51 ||   120

Table legend:
 A = Spawn XP
 B = Non-spawn XP
 C = Spawn XP percentage of total XP
 D = Spawn monster count
 E = Non-spawn monster count
 F = Spawn count percentage of total count
 G = Total turns spent on level
                    A         B        C        D         E        F      G
               +---------+---------+-------+---------+---------+-------+---------
         Total |       0 |     212 |   0.0 |       0 |      79 |   0.0 |   770
               +---------+---------+-------+---------+---------+-------+---------
           D:1 |       0 |      38 |   0.0 |       0 |      25 |   0.0 |   255
           D:2 |       0 |      10 |   0.0 |       0 |       6 |   0.0 |   119
           D:3 |       0 |      40 |   0.0 |       0 |      10 |   0.0 |    69
         Sewer |       0 |     124 |   0.0 |       0 |      38 |   0.0 |   327
               +---------+---------+-------+---------+---------+-------+---------
